 Dungeon Crawl Stone Soup version 0.31.0-32-g396128a36d (webtiles) character file.

Game seed: 17485285688685593576

10000 gohu the Thaumaturge (level 11, -22/86 HPs)
             Began as a Djinni Fire Elementalist on Mar 13, 2024.
             Was an Elder of Makhleb.
             Annihilated by a lindwurm simulacrum (23 damage)
             ... in an ice cave.
             The game lasted 00:29:39 (7313 turns).

gohu the Thaumaturge (Djinni Fire Elementalist)     Turns: 7313, Time: 00:29:40

Health: -22/86     AC:  8    Str: 10    XL:     11   Next: 84%
Gold:   787        EV: 16    Int: 22    God:    Makhleb [****..] SH:  0 Dex: 13

rFire   + + +        n - +1 flail (protect)
rCold   . . .        (no shield)
rNeg    . . .        v - +2 troll leather armour
rPois   ∞            k - +0 helmet
rElec   .            d - scarf {rC+ rF+}
rCorr   .            O - +1 pair of gloves {Str+3}
SInv    .            (boots unavailable)
Will    +....        m - amulet of regeneration
Stlth   ++           q - +5 ring of evasion
HPRegen 1.94/turn    (no ring)
MPRegen 0.00/turn

%: infuse magic (-23 HP)
@: flying, studying Ranged Weapons
A: sickness immunity, fire resistance 2, cold vulnerability 1, float, innate
caster, HP casting, extra vitality 1
a: Renounce Religion, Minor Destruction, Lesser Servant of Makhleb, Major
Destruction


You were in an ice cave.
You worshipped Makhleb.
Makhleb was greatly pleased with you.
You visited 2 branches of the dungeon, and saw 12 of its levels.
You also visited: Ossuary and Ice Cave.

You collected 817 gold pieces.
You spent 30 gold pieces at shops.

Inventory:

Hand Weapons
 n - a +1 flail of protection (weapon)
Armour
 a - a +0 robe
 d - a scarf of resistance (worn)
 k - a +0 helmet (worn)
 r - a +0 cloak
 v - a +2 troll leather armour (worn)
 y - a +0 pair of gloves
 O - a +1 pair of gloves of strength (worn)
Magical Staves
 H - a staff of cold
 M - a staff of death
Jewellery
 m - an amulet of regeneration (around neck)
 q - a +5 ring of evasion (left hand)
 t - a ring of fire
Wands
 B - a wand of paralysis (25)
 E - a wand of mindburst (19)
 J - a wand of roots (13)
Scrolls
 h - a scroll of amnesia
 p - 2 scrolls of blinking
 s - a scroll of torment
 u - 4 scrolls of enchant weapon
 x - 6 scrolls of teleportation {unknown}
 A - a scroll of poison {unknown}
 C - a scroll of enchant armour
 D - 3 scrolls of immolation {unknown}
 F - a scroll of brand weapon {unknown}
 G - 2 scrolls of fog {unknown}
 I - a scroll of vulnerability
 K - a scroll of fear
 N - a scroll of identify
Potions
 b - 5 potions of enlightenment
 c - 5 potions of haste
 e - 5 potions of curing
 f - 5 potions of mutation
 g - a potion of might
 i - 4 potions of brilliance
 j - 2 potions of resistance
 l - a potion of ambrosia
 o - 7 potions of heal wounds
 w - a potion of cancellation
 z - 2 potions of lignification
 L - a potion of invisibility {unknown}


   Skills:
 + Level 10.4 Fighting
 - Level 2.1 Dodging
 - Level 1.5 Stealth
 * Level 11.6 Spellcasting
 * Level 11.6 Conjurations
 * Level 11.6 Hexes
   Level 0.0 Charms
 * Level 11.6 Summonings
 * Level 11.6 Necromancy
 * Level 11.6 Translocations
   Level 0.0 Transmutations
 * Level 11.6 Fire Magic
 * Level 11.6 Ice Magic
 * Level 11.6 Air Magic
 * Level 11.6 Earth Magic
 * Level 11.6 Alchemy
 * Level 2.2 Invocations


You knew the following spells:

 Your Spells              Type           Power      Damage    Failure   Level
a - Foxfire               Conj/Fire      100%       2x1d9     1%          1
b - Scorch                Fire           100%       2d9       1%          2
c - Flame Wave            Conj/Fire      59%        2d14      1%          4
d - Call Imp              Summ           100%       N/A       1%          2
e - Volatile Blastmotes   Fire/Tloc      100%       2d18      1%          3
f - Apportation           Tloc           100%       N/A       1%          1
g - Jinxbite              Hex            100%       N/A       1%          2
h - Inner Flame           Hex/Fire       59%        N/A       1%          3
i - Mephitic Cloud        Conj/Alch/Air  59%        N/A       1%          3
j - Olgreb's Toxic Radia  Alch           59%        N/A       1%          4
Your spell library was empty.

Dungeon Overview and Level Annotations

Branches:
Dungeon (11/15)            Temple (1/1) D:5            Lair (0/5) D:10
Ossuary (visited)           IceCv (1/1)
    Orc: D:9-12

Altars:
Ashenzari
Cheibriados
Dithmenos
Elyvilon
Fedhas
Gozag
Hepliaklqana
Makhleb
Nemelex Xobeh
Okawaru
Qazlal
Ru
Trog
Uskayaw
Wu Jian
Xom
Yredelemnul
Zin

Shops:
D:2 !   D:10 [

Annotations:
D:10 2 transporters, 7tar4e's ghost, journeyman VSFi IceCv exclusion: 2 ice statues


Innate Abilities, Weirdness & Mutations

You are immune to sickness and miasma.
You are immune to poison.
Your flesh is very heat resistant. (rF++)
You are vulnerable to cold. (rC-)
You float through the air rather than walking.
You learn spells naturally, not from books.
Your magical power is your life essence.
You have superior vitality. (+4 MHP)


Message History

Marking area around an ice statue as unsafe for travelling.
Casting: Call Imp (safe; 1% risk of failure)
Confirm with . or Enter, or press ? or * to list all spells.
Casting: Flame Wave (mildly dangerous; 1% risk of failure)
Press: ? - help, Dir - look around, f - activate A wave of flame ripples out!
The flame wave engulfs the ice statue!
The ice statue melts!
The ice statue is lightly damaged. (Press . to intensify the flame waves.)
Your cerulean imp hits the ice statue but does no damage.
The ice statue gestures at you. The bolt of cold hits you!!
* * * LOW HITPOINT WARNING * * *
The bolt of cold hits the lindwurm simulacrum.
The lindwurm simulacrum completely resists.
The ice statue gestures.
Your cerulean imp hits the ice statue but does no damage.
Casting: Flame Wave (mildly dangerous; 1% risk of failure)
Confirm with . or Enter, or press ? or * to list all spells.
Casting: Flame Wave (mildly dangerous; 1% risk of failure)
Press: ? - help, Dir - look around, f - activate A wave of flame ripples out!
The flame wave engulfs the ice statue!!
The ice statue melts!
The ice statue is moderately damaged.
The flame wave engulfs the lindwurm simulacrum!!
The lindwurm simulacrum melts!
The lindwurm simulacrum is severely damaged.
The flame wave engulfs your cerulean imp!
You kill your cerulean imp!
Your cerulean imp disappears in a puff of smoke! (Press . to intensify the flame waves.)
* * * LOW HITPOINT WARNING * * *
The lindwurm simulacrum bites you.
* * * LOW HITPOINT WARNING * * *
The lindwurm simulacrum freezes you!!
* * * LOW HITPOINT WARNING * * *
The lindwurm simulacrum claws you.
* * * LOW HITPOINT WARNING * * *
The lindwurm simulacrum freezes you!!
You die...

....## ##.######..
.......### ###...#.#...#
.........####...#..#..###
...........#..#####.###
............### ###
.............#
...........###
...Y....Z§.# ........@###
## 8#....#8## ###. ##..
### #####... ##.
##....... ##. ###
#..#....) #..####.###
#..###.#. #...#.....###
##...####
#....#.#...#####.#..#
##.†.#####...#.##..##


You could see an ice statue, an ice beast (summoned) and a lindwurm simulacrum.

Vanquished Creatures
  Erica (D:10)
  A cyclops (D:11)
  An unseen horror (D:10)
  2 rime drakes (IceCv)
  Psyche (D:10)
  3 trolls
  Grinder (D:3)
  Sigmund (D:3)
  A vampire (D:9)
  2 wyverns
  15 yaks
  A warg (D:10)
  2 vampire mosquitoes (D:10)
  An acid dragon (D:9)
  A water moccasin (D:6)
  6 orc warriors
  A sky beast (D:8)
  3 black bears
  2 wolves (D:10)
  2 centaurs
  3 phantoms (D:6)
  A kobold brigand (D:8)
  2 bullfrogs
  5 scorpions
  3 wights (D:6)
  A bombardier beetle (D:4)
  3 hounds
  5 komodo dragon simulacra (IceCv)
  4 orc priests
  A jelly (D:8)
  Terence (D:3)
  Natasha (thrice) (D:3)
  3 iguanas
  15 orc wizards
  6 mummies (Ossuary)
  3 acid dragon simulacra (IceCv)
  7 adders
  4 white imps
  4 ufetubi (D:6)
  3 steam dragon simulacra (IceCv)
  3 dart slugs
  28 orcs
  6 endoplasms
  3 giant cockroaches
  12 goblins
  7 hobgoblins
  2 jackals (D:1)
  7 kobolds
  3 quokkas
  12 ball pythons
  4 bats
  5 frilled lizards
  2 hobgoblin zombies (Ossuary)
  3 kobold zombies (Ossuary)
  2 orc zombies (Ossuary)
  6 rats
  A butterfly (D:10)
231 creatures vanquished.

Vanquished Creatures (collateral kills)
  2 centaurs
  A bullfrog (D:9)
  An iguana (D:5)
  An orc wizard (D:8)
  2 mummies (Ossuary)
  An orc (D:8)
  2 endoplasms (D:4)
  3 kobolds (D:8)
  An orc zombie (Ossuary)
14 creatures vanquished.

Vanquished Creatures (others)
  462 foxfires
462 creatures vanquished.

Grand Total: 707 creatures vanquished

Notes
Turn   | Place    | Note
-------+----------+-------------------------------------------
     0 | D:1      | gohu the Djinni Fire Elementalist began the quest for the
                  | Orb.
     0 | D:1      | gohu set off with the following spells memorised: Foxfire,
                  | Scorch, Volatile Blastmotes, Inner Flame, Flame Wave.
     0 | D:1      | Reached XP level 1. HP: 15/15 MP: 0/0
    92 | D:1      | Reached XP level 2. HP: 21/21 MP: 0/0
   389 | D:1      | Reached XP level 3. HP: 24/25 MP: 0/0
   389 | D:1      | Learned a level 1 spell: Apportation
   719 | D:1      | You are sucked into a shaft and drop 1 floor!
  1022 | D:2      | Reached XP level 4. HP: 29/31 MP: 0/0
  1052 | D:2      | Found Arozuinue's Distillery.
  1068 | D:2      | Bought a potion of curing for 30 gold pieces
  1208 | D:2      | Found a blossoming altar of Fedhas.
  1429 | D:3      | Found a hide-covered altar of Uskayaw.
  1450 | D:3      | Noticed Terence
  1464 | D:3      | Killed Terence
  1488 | D:3      | Found a faded altar of an unknown god.
  1553 | D:3      | Noticed Grinder
  1553 | D:3      | Noticed Natasha
  1558 | D:3      | Killed Natasha
  1559 | D:3      | Reached XP level 5. HP: 26/35 MP: 0/0
  1559 | D:3      | Learned a level 2 spell: Jinxbite
  1563 | D:3      | Killed Grinder
  1564 | D:3      | Reached skill level 5 in Spellcasting
  1564 | D:3      | Reached skill level 5 in Conjurations
  1564 | D:3      | Reached skill level 5 in Hexes
  1564 | D:3      | Reached skill level 5 in Summonings
  1564 | D:3      | Reached skill level 5 in Necromancy
  1564 | D:3      | Reached skill level 5 in Translocations
  1564 | D:3      | Reached skill level 5 in Fire Magic
  1564 | D:3      | Reached skill level 5 in Ice Magic
  1564 | D:3      | Reached skill level 5 in Air Magic
  1564 | D:3      | Reached skill level 5 in Earth Magic
  1564 | D:3      | Reached skill level 5 in Alchemy
  1564 | D:3      | Reached XP level 6. HP: 23/40 MP: 0/0
  1607 | D:3      | Noticed Natasha
  1617 | D:3      | Killed Natasha
  1736 | D:3      | Found a sacrificial altar of Ru.
  1737 | D:3      | Found a sparkling altar of Nemelex Xobeh.
  1786 | D:3      | Noticed Sigmund
  1792 | D:3      | Killed Sigmund
  1793 | D:3      | Reached XP level 7. HP: 45/45 MP: 0/0
  1793 | D:3      | Learned a level 2 spell: Call Imp
  1965 | D:3      | Found a burning altar of Makhleb.
  1973 | D:3      | Became a worshipper of Makhleb the Destroyer
  2161 | D:3      | Noticed Natasha
  2167 | D:3      | Killed Natasha
  2225 | D:4      | Found a sand-covered staircase.
  2254 | Ossuary  | Entered an ossuary
  2640 | D:4      | Reached XP level 8. HP: 43/50 MP: 0/0
  2650 | D:4      | Found a bloodstained altar of Trog.
  2658 | D:4      | Reached * piety under Makhleb
  2899 | D:5      | Entered Level 5 of the Dungeon
  2912 | D:5      | Found a staircase to the Ecumenical Temple.
  2920 | Temple   | Entered the Ecumenical Temple
  3649 | D:6      | Reached XP level 9. HP: 55/55 MP: 0/0
  3649 | D:6      | Learned a level 3 spell: Mephitic Cloud
  3675 | D:6      | Reached ** piety under Makhleb
  3820 | D:6      | Reached skill level 10 in Spellcasting
  3820 | D:6      | Reached skill level 10 in Conjurations
  3820 | D:6      | Reached skill level 10 in Hexes
  3820 | D:6      | Reached skill level 10 in Summonings
  3820 | D:6      | Reached skill level 10 in Necromancy
  3820 | D:6      | Reached skill level 10 in Translocations
  3820 | D:6      | Reached skill level 10 in Fire Magic
  3820 | D:6      | Reached skill level 10 in Ice Magic
  3820 | D:6      | Reached skill level 10 in Air Magic
  3820 | D:6      | Reached skill level 10 in Earth Magic
  3820 | D:6      | Reached skill level 10 in Alchemy
  4171 | D:7      | Reached skill level 1 in Fighting
  4353 | D:7      | Found a basalt altar of Yredelemnul.
  5067 | D:8      | Reached XP level 10. HP: 66/67 MP: 0/0
  5143 | D:8      | Found a blossoming altar of Fedhas.
  5160 | D:8      | Reached *** piety under Makhleb
  5601 | D:9      | Reached skill level 5 in Fighting
  5945 | D:9      | Reached **** piety under Makhleb
  6225 | D:10     | Entered Level 10 of the Dungeon
  6225 | D:10     | Found a staircase to the Lair.
  6244 | D:10     | Reached XP level 11. HP: 72/81 MP: 0/0
  6244 | D:10     | Learned a level 4 spell: Olgreb's Toxic Radiance
  6324 | D:10     | Noticed Psyche
  6334 | D:10     | Killed Psyche
  6468 | D:10     | Found a hazy altar of Hepliaklqana.
  6494 | D:10     | Found a transporter.
  6506 | D:10     | Noticed 7tar4e's ghost (journeyman VSFi)
  6531 | D:10     | Noticed Erica
  6549 | D:10     | Found a transporter.
  6556 | D:10     | Killed Erica
  6647 | D:10     | Found a glowing silver altar of Zin.
  6781 | D:10     | Found Cheibriados's Comfort Zone.
  6782 | D:10     | Found a snail-covered altar of Cheibriados.
  6886 | D:10     | Found a white marble altar of Elyvilon.
  6970 | D:11     | Reached skill level 10 in Fighting
  7028 | D:11     | Noticed a cyclops
  7037 | D:11     | Killed a cyclops
  7038 | D:11     | Reached skill level 1 in Invocations
  7090 | D:11     | Found a frozen archway.
  7105 | IceCv    | Entered an ice cave
  7313 | IceCv    | HP: 3/86 [lindwurm simulacrum (20)]
  7313 | IceCv    | HP: 1/86 [lindwurm simulacrum (2)]
  7313 | IceCv    | Annihilated by a lindwurm simulacrum

Illustrated notes

Levels and vault maps discovered:
D:1:      dpeg_arrival_renting, layout_basic
D:2:      layout_loops_cross, basic_altar, serial_shops, shop
D:3:      minmay_angry_zag, layout_loops_ring, mainiacjoe_overflow_catwalk,
          nicolae_overflow_hidden_temple, hellmonk_ecumenical_altar_run_dry,
          uniq_grinder, uniq_sigmund, uniq_terence, uniq_natasha
D:4:      layout_rooms, tgw_kikubaaqudgha, overflow_temple_1_default,
          chequers_ossuary_entry_cave, minmay_manual_mail
D:5:      layout_cave_pools, minmay_temple_entry_glassed_door
D:6:      layout_basic, kennysheep_orc_sif_temple
D:7:      layout_loops_corners, mainiacjoe_overflow_brackets,
          minmay_tree_intersection
D:8:      layout_cave_pools, mainiacjoe_overflow_small_starburst
D:9:      layout_cave_pools
D:10:     layout_long_grid, mainiacjoe_overflow_alcove_4,
          nicolae_elyvilon_peaceful_grove, mainiacjoe_overflow_swirl,
          erik_lair_orcish_takeover, gammafunk_ghost_stat_death,
          minmay_shop_chei, kennysheep_generic_room_13, uniq_psyche, uniq_erica
D:11:     minmay_the_grid_3x2 [minmay_the_grid_holed_spiral,
          minmay_the_grid_stretched_grid, minmay_the_grid_minigrid_medium,
          minmay_the_grid_tree, minmay_the_grid_spikes,
          minmay_the_grid_prize_inner_circle], layout_small_grid, orc_0_dummy,
          portal_ice_cave_entry_pillars_2, uniq_erolcha
Temple:   hellmonk_temple_beads
IceCv:    ice_cave_small_dragons

Skill      XL: |  1  2  3  4  5  6  7  8  9 10 11 |
---------------+----------------------------------+-----
Spellcasting   | 4 5 6 7 8 10 11 | 11.6
Conjurations   | 4 5 6 7 8 10 11 | 11.6
Hexes          | 4 5 6 7 8 10 11 | 11.6
Summonings     | 4 5 6 7 8 10 11 | 11.6
Necromancy     | 4 5 6 7 8 10 11 | 11.6
Translocations | 4 5 6 7 8 10 11 | 11.6
Fire Magic     | 4 5 6 7 8 10 11 | 11.6
Ice Magic      | 4 5 6 7 8 10 11 | 11.6
Air Magic      | 4 5 6 7 8 10 11 | 11.6
Earth Magic    | 4 5 6 7 8 10 11 | 11.6
Alchemy        | 4 5 6 7 8 10 11 | 11.6
Fighting       | 3 8 10 | 10.4
Invocations    | 2 |  2.2
Dodging        | |  2.1
Stealth        | |  1.5

Action                     |  1- 3 |  4- 6 |  7- 9 | 10-12 || total
---------------------------+-------+-------+-------+-------++-------
   Cast: Foxfire           |    64 |    27 |   139 |    59 ||   289
         Scorch            |     6 |     7 |    55 |    30 ||    98
         Volatile Blastmot |       |     4 |       |    10 ||    14
         Flame Wave        |       |     1 |    10 |    32 ||    43
         Call Imp          |       |       |    41 |    24 ||    65
         Mephitic Cloud    |       |       |     1 |    12 ||    13
         Olgreb's Toxic Ra |       |       |       |    19 ||    19
    Use: Scroll            |       |       |     8 |     5 ||    13
         Potion            |       |       |       |     9 ||     9
 Armour: Robe              |     5 |     7 |    26 |     6 ||    44
         Troll leather arm |       |       |       |    50 ||    50
  Dodge: Dodged            |     7 |    11 |    30 |    66 ||   114
